 Dungeon Crawl Stone Soup version 0.29-a0-892-g2c4c91d9db (webtiles) character file.

Game seed: 722518130967091581

416 Ijustatesigmund the Digger (level 6, -5/37 HPs)
             Began as an Octopode Earth Elementalist on July 22, 2022.
             Slain by Crazy Yiuf
             ... wielding a +4 quarterstaff of chaos
              (13 damage)
             ... on level 3 of the Dungeon.
             The game lasted 00:08:35 (4444 turns).

Ijustatesigmund the Digger (OpEE)                   Turns: 4444, Time: 00:08:36

Health: -5/37      AC:  1    Str:  8    XL:     6   Next: 92%
Magic:  4/10       EV: 12    Int: 19    God:
Gold:   204        SH:  5    Dex: 12    Spells: 5/11 levels left

rFire   . . .      SeeInvis .   d - +1 dagger
rCold   . . .      Faith    .   j - +1 buckler "Tecrud" {Stlth+}
rNeg    . . .      Spirit   .   (helmet restricted)
rPois   .          Reflect  .   (no amulet)
rElec   .          Harm     .   (no ring)
rCorr   .          Rampage  .   (no ring)
Will    .....                   (no ring)
Stlth   ++++......              (no ring)
HPRegen 0.12/turn               (no ring)
MPRegen 0.12/turn               (no ring)
                                (no ring)
                                (no ring)

@: lethally poisoned (-5 -> -10)
A: almost no armour, amphibious, 8 rings, camouflage 1, gelatinous body 1,
(nimble swimmer 1), tentacles
a: no special abilities


You were on level 3 of the Dungeon.
You visited 1 branch of the dungeon, and saw 3 of its levels.

You collected 204 gold pieces.

Inventory:

Hand Weapons
 d - a +1 dagger (weapon)
Missiles
 h - 4 datura-tipped darts
Armour
 j - the +1 buckler "Tecrud" (worn) {Stlth+}
   (You acquired it on level 3 of the Dungeon)

   Stlth:     It makes you more stealthy.
Magical Staves
 i - a staff of poison
Scrolls
 c - 2 scrolls of butterflies
 k - a scroll of enchant weapon
 l - a scroll of amnesia
Potions
 a - a potion of curing {unknown}
 b - 2 potions of haste
 f - a potion of attraction


   Skills:
 + Level 0.4 Fighting
 - Level 2.0 Dodging
 - Level 2.6 Stealth
 + Level 3.0 Shields
 + Level 3.0 Spellcasting
 + Level 3.9 Conjurations
 - Level 2.4 Transmutations
 + Level 3.9 Earth Magic


You had 5 spell levels left.
You knew the following spells:

 Your Spells              Type           Power      Damage    Failure   Level
a - Sandblast             Erth           34%        2d9       4%          1
b - Stone Arrow           Conj/Erth      34%        3d9       12%         3
c - Passwall              Tmut/Erth      11%        N/A       9%          2

Your spell library contained the following spells:

 Spells                   Type           Power      Damage    Failure   Level
 Petrify                  Tmut/Erth      14%        N/A       50%         4
 Hailstorm                Conj/Ice       10%        3d5       65%         4
 Ice Form                 Ice/Tmut       7%         N/A       77%         4
 Simulacrum               Ice/Necr       1%         N/A       100%        6


Dungeon Overview and Level Annotations

Branches:
Dungeon (3/15)

Altars:
Gozag
Xom

Annotations:
D:3 Crazy Yiuf


Innate Abilities, Weirdness & Mutations

You cannot wear most types of armour.
You are amphibious.
You can wear up to eight rings at the same time.
Your skin changes colour to match your surroundings (Stealth+).
Your rubbery body absorbs attacks. (AC +1, EV +1)
((You are camouflaged when in or above water. (Stealth+)))
You have tentacles for arms and can constrict up to eight enemies at once.


Message History

You open the door.
Casting: Sandblast (safe; 4% risk of failure)
Confirm with . or Enter, or press ? or * to list all spells.
Aiming: Stone Arrow (dangerous; 12% risk of failure)
Press: ? - help, Shift-Dir - straight line, f - Crazy Yiuf
Aim: Crazy Yiuf, wielding a +4 quarterstaff of chaos and wearing a +0 cloak (72% to hit)
The stone arrow hits Crazy Yiuf!
Crazy Yiuf is severely wounded.
You block Crazy Yiuf's attack.
Casting: Stone Arrow (dangerous; 12% risk of failure)
Confirm with . or Enter, or press ? or * to list all spells.
Aiming: Sandblast (safe; 4% risk of failure)
Press: ? - help, Shift-Dir - straight line, f/p - Crazy Yiuf
Aim: Crazy Yiuf, wielding a +4 quarterstaff of chaos and wearing a +0 cloak (severely wounded, 82% to hit)
The blast of sand hits Crazy Yiuf.
Crazy Yiuf is almost dead.
Crazy Yiuf whimpers, "Whiteboard!
Cake canine sing-song."
You block Crazy Yiuf's attack.
Crazy Yiuf drinks a potion.
Crazy Yiuf seems to grow stronger.
Casting: Sandblast (safe; 4% risk of failure)
Confirm with . or Enter, or press ? or * to list all spells.
Aiming: Sandblast (safe; 4% risk of failure)
Press: ? - help, Shift-Dir - straight line, f/p - Crazy Yiuf
Aim: Crazy Yiuf, wielding a +4 quarterstaff of chaos and wearing a +0 cloak (almost dead, strong, 82% to hit)
The blast of sand hits Crazy Yiuf.
Crazy Yiuf is almost dead.
You block Crazy Yiuf's attack.
Crazy Yiuf hits you with a +4 quarterstaff of chaos!!
Ouch! That really hurt!
You are poisoned.
Casting: Sandblast (safe; 4% risk of failure)
Confirm with . or Enter, or press ? or * to list all spells.
Aiming: Sandblast (safe; 4% risk of failure)
Press: ? - help, Shift-Dir - straight line, f/p - Crazy Yiuf
Aim: Crazy Yiuf, wielding a +4 quarterstaff of chaos and wearing a +0 cloak (almost dead, strong, 82% to hit)
The blast of sand misses Crazy Yiuf.
* * * LOW HITPOINT WARNING * * *
You feel very sick.
Crazy Yiuf hits you with a +4 quarterstaff of chaos!
You die...

.......#....##........#
...#.......############
...#.......#
...........# #####
.......##..# #..)#
.<.....##..# #...#
.......##..# ...
.......#...# #g#
...#.#.#...# ##@#
...........# #.##
..........)# ##.# #.
...........# #.## #.#
...........# ##.## #.#
...........# #...## #.#
#.###.#.#..# #....# #.#
#...#>..#..# ##..##
#.######
#..........###....#
#......##


You could see Crazy Yiuf (strong).

Vanquished Creatures
  Grinder (D:3)
  Jessica (D:2)
  Natasha (thrice) (D:3)
  Terence (D:2)
  3 adders
  2 dart slugs
  An orc (D:3)
  6 bats
  3 endoplasms
  3 giant cockroaches
  2 goblins
  4 hobgoblins
  15 jackals
  3 quokkas
  4 ball pythons
  3 frilled lizards
  5 kobolds
  6 rats
66 creatures vanquished.

Vanquished Creatures (others)
  A kobold (D:2)
1 creature vanquished.

Grand Total: 67 creatures vanquished

Notes
Turn   | Place    | Note
-------+----------+-------------------------------------------
     0 | D:1      | Ijustatesigmund the Octopode Earth Elementalist began the
                  | quest for the Orb.
     0 | D:1      | Reached XP level 1. HP: 11/11 MP: 3/3
   283 | D:1      | Reached XP level 2. HP: 16/17 MP: 1/5
  1272 | D:1      | Reached XP level 3. HP: 21/21 MP: 4/6
  1426 | D:1      | Learned a level 3 spell: Stone Arrow
  1429 | D:1      | Learned a level 2 spell: Passwall
  1602 | D:2      | Identified the +0 ring mail of Integrity {+Blink Str+4}
  1992 | D:2      | Reached skill level 1 in Conjurations
  2415 | D:2      | Noticed Jessica
  2419 | D:2      | Reached XP level 4. HP: 27/27 MP: 5/7
  2545 | D:2      | Killed Jessica
  2738 | D:2      | Noticed Terence
  2748 | D:2      | Killed Terence
  2749 | D:2      | Reached XP level 5. HP: 31/31 MP: 3/9
  3308 | D:3      | Identified a scroll of acquirement
  3308 | D:3      | Acquired the +1 buckler "Tecrud" {Stlth+}
  3443 | D:3      | Found an opulent altar of Gozag.
  3445 | D:3      | Found a shimmering altar of Xom.
  3559 | D:3      | Noticed Natasha
  3563 | D:3      | Killed Natasha
  3564 | D:3      | Reached skill level 1 in Shields
  3591 | D:3      | Found a faded altar of an unknown god.
  3623 | D:3      | Noticed Grinder
  3627 | D:3      | Paralysed by Grinder for 2 turns
  3640 | D:3      | Paralysed by Grinder for 3 turns
  3655 | D:3      | Killed Grinder
  3656 | D:3      | Reached XP level 6. HP: 16/36 MP: 3/10
  4097 | D:3      | Noticed Natasha
  4151 | D:3      | Killed Natasha
  4239 | D:3      | Noticed Natasha
  4244 | D:3      | Killed Natasha
  4436 | D:3      | Found a runed translucent door.
  4437 | D:3      | Noticed Crazy Yiuf
  4444 | D:3      | Slain by Crazy Yiuf

Illustrated notes

Levels and vault maps discovered:
D:1:      kennysheep_arrival_forest, layout_basic
D:2:      layout_rooms, hangedman_decor_growths, grunt_decor_junction,
          uniq_jessica, uniq_terence
D:3:      layout_rooms, jmf_multi_god_temple,
          hellmonk_ecumenical_altar_inner_sanctum,
          minmay_fractal_squares_gapless_5, uniq_grinder,
          uniq_crazy_yiuf_cottage, uniq_natasha

Skill      XL: |  1  2  3  4  5  6 |
---------------+-------------------+-----
Transmutations | 2 |  2.4
Conjurations   | 1 2 3 |  3.9
Shields        | 2 3 |  3.0
Spellcasting   | 3 |  3.0
Fighting       | |  0.4
Dodging        | |  2.0
Stealth        | |  2.6
Earth Magic    | |  3.9

Action                   |  1- 3 |  4- 6 || total
-------------------------+-------+-------++-------
Melee: Unarmed           |     3 |       ||     3
       Constrict         |     5 |     5 ||    10
       Tentacles         |     2 |     9 ||    11
       Dagger            |     5 |    20 ||    25
 Cast: Sandblast         |    40 |    49 ||    89
       Stone Arrow       |     1 |     7 ||     8
  Use: Scroll            |     7 |     4 ||    11
       Potion            |       |     4 ||     4
 Stab: Sleeping          |       |     1 ||     1
Armor: Skin              |     3 |     5 ||     8
Dodge: Dodged            |    30 |    31 ||    61
Block: Buckler           |       |     6 ||     6

Table legend: (Time is in decaauts)
 A = Elapsed time spent in this place.
 B = Non-inter-level travel time spent in this place.
 C = Inter-level travel time spent in this place.
 D = Time resting spent in this place.
 E = Time spent auto-exploring this place.
 F = Levels seen in this place.
 G = Mean time per level.
                   A        B        C        D        E       F      G
               +--------+--------+--------+--------+--------+-----+--------+
         Total |   4530 |   4489 |     41 |   1928 |   1998 |   3 | 1510.0 |
       Dungeon |   4530 |   4489 |     41 |   1928 |   1998 |   3 | 1510.0 |
               +--------+--------+--------+--------+--------+-----+--------+

Top non-repeatable levels by time:
     D:1: 1929 daAuts
     D:2: 1365 daAuts
     D:3: 1235 daAuts
